 Dungeon Crawl Stone Soup version 0.31.0-11-ge490571c62 (webtiles) character file.

Game seed: 17864371854629615553

679 ces the Skirmisher (level 7, -5/36 HPs)
             Began as a Spriggan Hunter on Jan 29, 2024.
             Was an Initiate of Gozag.
             Slain by Prince Ribbit (13 damage)
             ... on level 5 of the Dungeon.
             The game lasted 00:07:35 (3924 turns).

ces the Skirmisher (Spriggan Hunter)                Turns: 3924, Time: 00:07:36

Health: -5/36      AC:  4    Str:  7      XL:     7   Next: 34%
Magic:  8/8        EV: 17    Int:  9 (10) God:    Gozag
Gold:   122        SH:  0    Dex: 19 (21) Spells: 6/6 levels left

rFire   . . .        a - +2 shortbow
rCold   . . .        (shield currently unavailable)
rNeg    . . .        o - +2 robe {Will+}
rPois   .            (helmet restricted)
rElec   .            (no cloak)
rCorr   .            (gloves unavailable)
SInv    +            (boots unavailable)
Will    ++...        (no amulet)
Stlth   ++           (no ring)
HPRegen 0.26/turn    (no ring)
MPRegen 0.11/turn

%: no passive effects
@: invisible, very quick
A: very small, no large weapons, unfitting armour, see invisible, speed 3,
talons 1, robust 1
a: Renounce Religion, Potion Petition, Call Merchant, Bribe Branch


You were on level 5 of the Dungeon.
You worshipped Gozag.
Gozag was aware of your devotion.
You visited 2 branches of the dungeon, and saw 6 of its levels.
You also visited: Sewer.

You collected 186 gold pieces.
You paid 64 gold pieces to Gozag.

Inventory:

Hand Weapons
 a - a +2 shortbow (weapon)
Missiles
 e - a throwing net
Armour
 o - a +2 robe of willpower (worn)
Jewellery
 g - an amulet of regeneration
Wands
 r - a wand of polymorph (13)
Scrolls
 b - a scroll of butterflies
 h - a scroll of immolation {unknown}
 n - a scroll of teleportation {unknown}
 q - 2 scrolls of identify
Potions
 c - a potion of invisibility
 d - 2 potions of curing
 f - 2 potions of resistance
 i - a potion of magic {unknown}
 j - 2 potions of heal wounds
 k - 2 potions of brilliance {unknown}
 l - a potion of haste
 m - 3 potions of degeneration
 p - 3 potions of might {unknown}


   Skills:
 - Level 1.5 Fighting
 * Level 9.1 Ranged Weapons
 - Level 2.6 Dodging
 - Level 1.5 Stealth


You had 6 spell levels left.
You didn't know any spells.
Your spell library contained the following spells:

 Spells                   Type           Power      Damage    Failure   Level
 Call Canine Familiar     Summ           0%         N/A       77%         3
 Sigil of Binding         Hex            0%         N/A       77%         3
 Dimensional Bullseye     Hex/Tloc       0%         N/A       99%         4
 Summon Forest            Summ/Tloc      0%         N/A       100%        5
 Eringya's Noxious Bog    Alch           0%         4d6       100%        6
 Summon Hydra             Summ           0%         N/A       100%        7


Dungeon Overview and Level Annotations

Branches:
Dungeon (5/15)             Temple (1/1) D:5           Sewer (visited)

Altars:
Ashenzari
Cheibriados
Dithmenos
Elyvilon
Fedhas
Gozag
Kikubaaqudgha
Makhleb
Nemelex Xobeh
Okawaru
Qazlal
Sif Muna
Trog
Uskayaw
Wu Jian
Xom
Zin

Shops:
D:2 !   D:5 *

Annotations:
D:4 Blork the orc
D:5 Prince Ribbit


Innate Abilities, Weirdness & Mutations

You are very small and have problems with some larger weapons.
You are too small for most types of armour.
You have supernaturally acute eyesight. (SInv)
You cover ground extremely quickly. (Speed+++)
You have sharp toenails.
You are robust. (+10% HP)


Message History

There is a fountain of clear blue water here.
There is a fountain of clear blue water here.
Prince Ribbit gives a loud, deep croak!
Found a staircase to the Ecumenical Temple.
You shoot an arrow. The arrow barely misses Prince Ribbit.
There is a fountain of sparkling water here.
You shoot an arrow. The arrow barely misses Prince Ribbit.
Prince Ribbit blinks!
There is a fountain of sparkling water here.
Prince Ribbit croaks regally.
There is a staircase to the Ecumenical Temple here.
No target in view!
You shoot an arrow. The arrow hits Prince Ribbit.
Prince Ribbit is lightly wounded.
You shoot an arrow. The arrow misses Prince Ribbit.
Prince Ribbit hits you!
Prince Ribbit blinks!
You climb downwards.
Welcome to the Ecumenical Temple!
Found a shadowy altar of Dithmenos.
Found a staircase back to the Dungeon.
There is a staircase back to the Dungeon here.
Found a shimmering altar of Xom.
HP restored.
Done exploring.
There is a sparkling altar of Nemelex Xobeh here.
There is an opulent altar of Gozag here.
You kneel at the altar of Gozag.
Gozag welcomes you!
You pay a service fee of 64 gold.
You enter the shallow water.
Moving in this stuff is going to be slow.
There is a staircase back to the Dungeon here.
You climb upwards.
Welcome back to the Dungeon!
Level annotation: Prince Ribbit Prince Ribbit misses you.
Prince Ribbit hits you!!
Ouch! That really hurt!
Prince Ribbit hits you!
* * * LOW HITPOINT WARNING * * *
There is a staircase to the Ecumenical Temple here.
You fade into invisibility!
Prince Ribbit hits you!
You die...
Your body crumbles into a pile of gold.

##. #. #. #. #. ##
################+##
#...#...#...#......
#.@.#.⌠... #......
#.F.#...# #.....#
##.###.######.....#
#...#...#...#.....#
#.⌠...⌠...⌠.#.....#
#...#F..#...#.....#
##.###.#######.####
#...#...#...##.#
#.⌠.#.⌠...⌠.##.#


You could see Prince Ribbit (unable to see you).

Vanquished Creatures
  A black bear (D:4)
  A phantom (D:5)
  2 bullfrogs (Sewer)
  A jelly (D:5)
  A sleepcap (D:4)
  Jessica (D:3)
  An iguana (D:5)
  An orc wizard (D:4)
  12 adders
  2 river rats (Sewer)
  3 ribbon worms
  A dart slug (D:4)
  8 orcs
  15 ball pythons
  5 endoplasms
  A giant cockroach (D:4)
  7 hobgoblins
  4 jackals (D:1)
  9 kobolds
  6 quokkas
  6 bats (D:2)
  4 frilled lizards
  7 goblins
  34 rats
133 creatures vanquished.

Notes
Turn   | Place    | Note
-------+----------+-------------------------------------------
     0 | D:1      | ces the Spriggan Hunter began the quest for the Orb.
     0 | D:1      | Reached XP level 1. HP: 10/10 MP: 2/2
   104 | D:1      | Reached XP level 2. HP: 14/14 MP: 3/3
   564 | D:2      | Found an ornate altar of the Wu Jian Council.
   578 | D:2      | Reached skill level 5 in Ranged Weapons
   592 | D:2      | Reached XP level 3. HP: 18/18 MP: 4/4
  1069 | D:2      | Found Omawath's Distillery.
  1540 | D:3      | Gained mutation: You have sharp toenails. [potion of
                  | mutation]
  1540 | D:3      | Gained mutation: You are robust. (+10% HP) [potion of
                  | mutation]
  1556 | D:3      | Reached XP level 4. HP: 24/24 MP: 5/5
  1758 | D:3      | Found a faded altar of an unknown god.
  1855 | D:3      | Noticed Jessica
  1861 | D:3      | Killed Jessica
  1862 | D:3      | Reached skill level 6 in Ranged Weapons
  1868 | D:3      | Found a shimmering blue altar of Sif Muna.
  1934 | D:3      | Found an ornate altar of the Wu Jian Council.
  1941 | D:3      | Found a bloodstained altar of Trog.
  1946 | D:3      | Found a burning altar of Makhleb.
  2020 | D:4      | Reached XP level 5. HP: 20/27 MP: 6/6
  2072 | D:4      | Noticed a black bear
  2130 | D:4      | Noticed Blork the orc
  2145 | D:4      | Killed a black bear
  2146 | D:4      | Reached skill level 7 in Ranged Weapons
  2415 | D:4      | Reached XP level 6. HP: 32/33 MP: 7/7
  2495 | D:4      | Found a glowing drain.
  2521 | Sewer    | Entered a sewer
  2948 | Sewer    | Reached skill level 8 in Ranged Weapons
  3204 | D:4      | Reached XP level 7. HP: 36/36 MP: 8/8
  3543 | D:5      | Entered Level 5 of the Dungeon
  3590 | D:5      | Found Womoten's General Store.
  3772 | D:5      | Reached skill level 9 in Ranged Weapons
  3809 | D:5      | Noticed Prince Ribbit
  3820 | D:5      | Found a staircase to the Ecumenical Temple.
  3834 | Temple   | Entered the Ecumenical Temple
  3901 | Temple   | Became a worshipper of Gozag Ym Sagoz the Greedy
  3924 | D:5      | Slain by Prince Ribbit

Illustrated notes

Levels and vault maps discovered:
D:1:      onia_arrival_handbag, layout_rooms
D:2:      layout_basic, basic_altar, serial_shops,
          nicolae_shop_tiny_statue_garden, nrook_loot_triangle
D:3:      layout_rooms, tgw_sif, grunt_temple_overflow_diamond,
          chequers_ecumenical_altar_twisty
D:4:      layout_loops_ring, cheibrodos_sewer_entry_bend,
          kennysheep_cluttered_room, nicolae_tricolors, uniq_blork_the_orc
D:5:      layout_basic, minmay_temple_entry_nine_rooms, serial_shops,
          kennysheep_mini, chequers_big_river, uniq_menkaure, uniq_edmund,
          uniq_prince_ribbit1, uniq_duvessa
Temple:   nicolae_temple_bog_church

Skill      XL: |  1  2  3  4  5  6  7 |
---------------+----------------------+-----
Ranged Weapons | 5 6 7 8 9 |  9.1
Fighting       | |  1.5
Dodging        | |  2.6
Stealth        | |  1.5

Action                     |  1- 3 |  4- 6 |  7- 9 || total
---------------------------+-------+-------+-------++-------
   Fire: Shortbow          |   139 |   218 |    43 ||   400
    Use: Scroll            |     4 |     6 |       ||    10
         Potion            |     1 |     5 |     1 ||     7
 Armour: Robe              |    18 |    27 |     8 ||    53
  Dodge: Dodged            |    66 |   130 |    14 ||   210
